 Dungeon Crawl Stone Soup version 0.30-a0-1085-g990a428a5c (webtiles) character file.

Game seed: 12538239371017900544

18907 cheesebisquit the Fighter (level 13, -4/107 HPs)
             Began as a Djinni Fire Elementalist on Apr 16, 2023.
             Was a Priest of Ashenzari.
             Slain by a catoblepas (11 damage)
             ... while petrified by a catoblepas
             ... on level 12 of the Dungeon.
             The game lasted 01:09:12 (16572 turns).

cheesebisquit the Fighter (DjFE)                   Turns: 16572, Time: 01:09:12

Health: -4/107     AC:  7    Str:  7    XL:     13   Next: 0%
Gold:   504        EV:  2    Int: 25    God:    Ashenzari [***...] SH:  0 Dex: 19

rFire   + + +      SeeInvis +    o - +11 short sword of Jaeplot {drain, Dex+5}
rCold   + . .      Faith    .    x - +2 buckler "Clairvoyant Mistrust" {rC+ Int+3, Evo, Self} (curse)
rNeg    + + +      Spirit   .    a - +1 robe of the Unyielding Gaze {Melee, Cun} (curse)
rPois   ∞          Reflect  .    I - +1 hat {SInv}
rElec   +          Rampage  .    H - +0 cloak of Ashenzari's Prison {Cun, Evo} (curse)
rCorr   +          Clarity  +    y - +1 pair of gloves of the Esoteric Annoyance {Melee, Cun} (curse)
Will    +....                    (boots unavailable)
Stlth   +++                      (no amulet)
HPRegen 0.37/turn                M - ring "Gaze Upon Infinity" {EV+5, Range, Cun} (curse)
MPRegen 0.00/turn                (no ring)

@: resistant, petrified, flying
A: sickness immunity, fire resistance 2, cold vulnerability 1, float, innate
caster, HP casting, extra vitality 1
a: Renounce Religion, Shatter the Chains


You were on level 12 of the Dungeon.
You worshipped Ashenzari.
Ashenzari was most pleased with you.
You visited 2 branches of the dungeon, and saw 13 of its levels.

You collected 691 gold pieces.
You spent 187 gold pieces at shops.

Inventory:

Hand Weapons
 d - a +0 demon whip of venom
 o - the +11 short sword of Jaeplot (weapon) {drain, Dex+5}
   (You found it on level 11 of the Dungeon)

   Dex:       It affects your dexterity (+5).
 E - a +1 trident of protection
Missiles
 b - 2 throwing nets
 l - 47 poisoned darts
 L - 3 boomerangs of dispersal
Armour
 a - the cursed +1 robe of the Unyielding Gaze (worn) {Melee, Cun}

   It has a curse which improves the following skills: Melee Combat: Short
   Blades, Long Blades, Axes, Maces & Flails, Polearms, Staves and Unarmed
   Combat.
   Cunning:   Dodging and Stealth.
 j - a +0 troll leather armour
 r - a +2 robe of willpower
 s - a +2 robe of cold resistance
 v - a +1 leather armour of positive energy
 x - the cursed +2 buckler "Clairvoyant Mistrust" (worn) {rC+ Int+3, Evo, Self}
   (You found it on level 3 of the Dungeon)

   Int:       It affects your intelligence (+3).
   rC:        It protects you from cold.
   It has a curse which improves the following skills: Evocations: Evocations.
   Introspection: Fighting and Spellcasting.
 y - the cursed +1 pair of gloves of the Esoteric Annoyance (worn) {Melee, Cun}
   (You found it on level 3 of the Dungeon)

   It has a curse which improves the following skills: Melee Combat: Short
   Blades, Long Blades, Axes, Maces & Flails, Polearms, Staves and Unarmed
   Combat.
   Cunning:   Dodging and Stealth.
 F - a +0 kite shield
 H - the cursed +0 cloak of Ashenzari's Prison (worn) {Cun, Evo}
   (You found it on level 7 of the Dungeon)

   It has a curse which improves the following skills: Cunning: Dodging and
   Stealth.
   Evocations: Evocations.
 I - a +1 hat of see invisible (worn)
 J - a +2 hat of willpower
 K - a +1 cloak
Jewellery
 M - the cursed ring "Gaze Upon Infinity" (left hand) {EV+5, Range, Cun}
   (You found it on level 9 of the Dungeon)

   [ring of evasion]

   EV:        It affects your evasion (+5).
   It has a curse which improves the following skills: Ranged Combat: Ranged
   Weapons and Throwing.
   Cunning:   Dodging and Stealth.
Wands
 e - a wand of iceblast (12)
 t - a wand of mindburst (18)
 z - a wand of flame (39)
 C - a wand of paralysis (4)
Scrolls
 f - a scroll of immolation
 i - a scroll of torment
 k - 5 scrolls of amnesia
 m - a scroll of fog
 n - 2 scrolls of magic mapping
 p - 2 scrolls of vulnerability
 q - 2 scrolls of noise
 u - 2 scrolls of brand weapon
Potions
 c - 2 potions of brilliance
 g - 5 potions of might
 h - 3 potions of attraction
 w - 3 potions of mutation
 A - 2 potions of resistance


   Skills:
 + Level 13.6(15.0) Fighting
 - Level 3.3(6.4) Dodging
 - Level 2.5(5.3) Stealth
 - Level 5.0 Shields
 + Level 11.2(12.7) Spellcasting


You knew the following spells:

 Your Spells              Type           Power      Damage    Failure   Level
a - Foxfire               Conj/Fire      100%       2x1d9     1%          1
b - Ignite Poison         Fire/Tmut/Pois 68%        N/A       1%          3
c - Volatile Blastmotes   Fire/Tloc      100%       2d18      1%          3
d - Inner Flame           Hex/Fire       68%        N/A       1%          3
e - Flame Wave            Conj/Fire      68%        2d15      1%          4
f - Sandblast             Erth           100%       2d20      1%          1
g - Ensorcelled Hibernat  Hex/Ice        100%       N/A       1%          2
h - Call Canine Familiar  Summ           68%        N/A       1%          3
i - Lee's Rapid Deconstr  Erth           34%        3d17*     1%          5
j - Yara's Violent Unrav  Hex/Tmut       34%        3d14      1%          5
z - Scorch                Fire           100%       2d9       1%          2
Your spell library was empty.

Dungeon Overview and Level Annotations

Branches:
Dungeon (12/15)            Temple (1/1) D:5            Lair (0/5) D:8
    Orc: D:9-12

Altars:
Ashenzari
Cheibriados
Dithmenos
Elyvilon
Fedhas
Gozag
Hepliaklqana
Makhleb
Nemelex Xobeh
Okawaru
Qazlal
Ru
Trog
Uskayaw
Wu Jian
Xom
Yredelemnul
Zin
The Shining One

Shops:
D:9 ([

Annotations:
D:3 1 runed translucent door, Crazy Yiuf
D:6 3 runed translucent doors, kiwi3s's ghost, novice MiBe


Innate Abilities, Weirdness & Mutations

You are immune to sickness and miasma.
You are immune to poison.
Your flesh is very heat resistant. (rF++)
You are vulnerable to cold. (rC-)
You float through the air rather than walking.
You learn spells naturally, not from books.
Your magical power is your life essence.
You have superior vitality. (+4 MHP)


Message History

As you read the scroll of poison, it crumbles to dust.
The catoblepas breathes a plume of calcifying dust at you.
The blast of calcifying dust hits you.
The catoblepas is engulfed in poison gas.
The catoblepas is poisoned.
You feel protected.
The catoblepas is engulfed in poison gas.
The catoblepas looks even sicker.
The catoblepas closely misses you.
The catoblepas is engulfed in poison gas.
The catoblepas looks even sicker.
The catoblepas is engulfed in poison gas.
The catoblepas looks as sick as possible!
The catoblepas attacks as you move away!
The catoblepas completely misses you.
The catoblepas attacks as you move away!
The catoblepas gores you but does no damage.
The catoblepas breathes a plume of calcifying dust at you.
The blast of calcifying dust hits you.
The catoblepas breathes a plume of calcifying dust at you.
The blast of calcifying dust hits you.
* * * LOW HITPOINT WARNING * * *
The catoblepas breathes a plume of calcifying dust at you.
The blast of calcifying dust hits you!
* * * LOW HITPOINT WARNING * * *
You are engulfed in calcifying dust.
You are slowing down.
Your limbs are stiffening.
You have turned to stone.
The catoblepas breathes a plume of calcifying dust at you.
The blast of calcifying dust hits you.
* * * LOW HITPOINT WARNING * * *
You are engulfed in calcifying dust. x2
The catoblepas breathes a plume of calcifying dust at you.
The blast of calcifying dust hits you!
* * * LOW HITPOINT WARNING * * *
You are engulfed in calcifying dust.
The catoblepas gores you!!
* * * LOW HITPOINT WARNING * * *
The catoblepas barely misses you. The catoblepas gores you!!
You die...

#####.#* #.# ** #.# / ,, .# #.#
#J# # **## #.# #.# # #.# #.#
######### #.# #J#
......Y§####.##### #.#
#.#####.§§Y{§§§..# #.######
#.#####.########Y###......#####
§....(..# ##8###@.............#
>.......###...##§.#######.###.#
##########8...8#§§#######.###.#
8#8#8#8#8......#..§.......#...##
.........)..<..#..########.....#
8#8#8#8#8......#.## #.....#
##########8...8#.# #.(...# ,
##...##.# ##...## , ##8###)#
##.##


You could see a catoblepas (poisoned).

Vanquished Creatures
  An ettin (D:12)
  Josephine (D:11)
  3 two-headed ogres
  Erica (D:9)
  A boulder beetle (D:11)
  Amaemon (D:8)
  Pikel (D:5)
  An ugly thing (D:12)
  5 cyclopes
  An orange demon (D:9)
  Joseph (D:8)
  A gargoyle (D:12)
  An unseen horror (D:12)
  A komodo dragon (D:11)
  4 trolls
  A hornet (D:9)
  10 slime creatures
  A vampire (D:10)
  A spriggan (D:7)
  6 wraiths
  3 yaks (D:8)
  9 vampire mosquitoes
  Menkaure (D:5)
  3 water moccasins
  An ice beast (D:7)
  2 black bears
  4 ogres
  5 orc warriors (D:12)
  10 centaurs
  A lemure (D:5)
  2 kobold brigands
  3 bullfrogs
  3 phantoms
  A gnoll sergeant (D:8)
  A scorpion (D:7)
  8 killer bees
  2 howler monkeys (D:10)
  3 jellies (D:6)
  3 orc priests
  A gnoll bouda (D:8)
  2 hounds (D:6)
  Jessica (D:3)
  2 sleepcaps
  Ijyb (D:3)
  12 orc wizards
  3 iguanas
  12 gnolls
  6 adders
  4 white imps
  An ufetubus (D:5)
  A worm (D:2)
  A dart slug (D:1)
  30 orcs
  2 endoplasms (D:4)
  4 giant cockroaches
  5 goblins
  5 hobgoblins
  4 jackals (D:4)
  13 kobolds
  4 quokkas
  10 ball pythons
  8 bats
  4 frilled lizards
  2 rats
246 creatures vanquished.

Vanquished Creatures (collateral kills)
  A wyvern (D:8)
  An ice beast (D:6)
  4 gnolls
  An orc (D:5)
  A foxfire (D:3)
8 creatures vanquished.

Vanquished Creatures (others)
  A deep elf pyromancer (D:12)
  934 foxfires
935 creatures vanquished.

Grand Total: 1189 creatures vanquished

Notes
Turn   | Place    | Note
-------+----------+-------------------------------------------
     0 | D:1      | cheesebisquit the Djinni Fire Elementalist began the quest
                  | for the Orb.
     0 | D:1      | cheesebisquit set off with the following spells memorised:
                  | Foxfire, Scorch, Volatile Blastmotes, Inner Flame, Flame
                  | Wave.
     0 | D:1      | Reached XP level 1. HP: 15/15 MP: 0/0
   109 | D:1      | Reached XP level 2. HP: 15/21 MP: 0/0
   308 | D:1      | Found a faded altar of an unknown god.
   458 | D:1      | Reached XP level 3. HP: 17/25 MP: 0/0
   458 | D:1      | Learned a level 1 spell: Sandblast
  1362 | D:2      | Reached XP level 4. HP: 27/31 MP: 0/0
  1745 | D:3      | Noticed Ijyb
  1752 | D:3      | Killed Ijyb
  1753 | D:3      | Reached XP level 5. HP: 10/35 MP: 0/0
  1753 | D:3      | Learned a level 2 spell: Ensorcelled Hibernation
  1950 | D:3      | Identified the +2 buckler of Hepliaklqana's Reproof {rC+
                  | Int+3}
  2021 | D:3      | Noticed Jessica
  2026 | D:3      | Killed Jessica
  2104 | D:3      | Found a runed translucent door.
  2105 | D:3      | Noticed Crazy Yiuf
  2567 | D:4      | Noticed an ogre
  2816 | D:4      | Killed an ogre
  2817 | D:4      | Reached skill level 1 in Fighting
  2817 | D:4      | Reached skill level 1 in Shields
  2817 | D:4      | Reached XP level 6. HP: 36/43 MP: 0/0
  2857 | D:4      | Noticed an ogre
  2862 | D:4      | Killed an ogre
  2863 | D:4      | Reached skill level 2 in Fighting
  3028 | D:4      | Reached XP level 7. HP: 42/49 MP: 0/0
  3028 | D:4      | Learned a level 3 spell: Ignite Poison
  3704 | D:5      | Entered Level 5 of the Dungeon
  3748 | D:5      | HP: 2/49 [orc priest/divine providence (12)]
  3749 | D:5      | Reached skill level 3 in Fighting
  3971 | D:5      | Noticed Pikel
  4151 | D:5      | Noticed a water moccasin
  4156 | D:5      | Killed a water moccasin
  4264 | D:5      | Found a staircase to the Ecumenical Temple.
  4282 | Temple   | Entered the Ecumenical Temple
  4464 | D:5      | Found an iron altar of Okawaru.
  4464 | D:5      | Found a shimmering altar of Xom.
  4466 | D:5      | Noticed Menkaure
  4472 | D:5      | Killed Menkaure
  4473 | D:5      | Reached XP level 8. HP: 28/58 MP: 0/0
  4661 | D:5      | Reached skill level 4 in Fighting
  4681 | D:5      | Found an ornate altar of the Wu Jian Council.
  4799 | D:5      | Killed Pikel
  4800 | D:5      | Reached skill level 5 in Fighting
  4800 | D:5      | Reached skill level 5 in Spellcasting
  4986 | D:5      | Reached skill level 5 in Shields
  4986 | D:5      | Reached XP level 9. HP: 59/65 MP: 0/0
  4986 | D:5      | Learned a level 3 spell: Call Canine Familiar
  5455 | D:6      | Found a runed translucent gate.
  5457 | D:6      | Found a runed translucent gate.
  5458 | D:6      | Found a runed translucent gate.
  5460 | D:6      | Noticed kiwi3s's ghost (novice MiBe)
  5715 | D:6      | Reached skill level 6 in Fighting
  5800 | D:6      | Found a glowing golden altar of the Shining One.
  6137 | D:6      | You are sucked into a shaft and drop 3 floors!
  6154 | D:9      | Found Jaatem Vetre's Weapon Shop.
  6167 | D:8      | Reached skill level 7 in Fighting
  6512 | D:8      | Found a staircase to the Lair.
  6671 | D:8      | Reached XP level 10. HP: 56/75 MP: 0/0
  6892 | D:8      | Reached skill level 8 in Fighting
  7166 | D:8      | Noticed Joseph
  7197 | D:7      | Found a broken altar of Ashenzari.
  7197 | D:7      | Found an opulent altar of Gozag.
  7200 | D:7      | Became a worshipper of Ashenzari the Shackled
  8068 | D:7      | Reached skill level 9 in Fighting
  8393 | D:8      | Killed Joseph
  8600 | D:8      | Reached * piety under Ashenzari
  8651 | D:9      | Identified the +2 robe "Lelu" {rN+ Int-2 Dex+5}
  8664 | D:9      | Noticed Amaemon
  8669 | D:9      | Noticed an orange demon
  8683 | D:8      | Killed Amaemon
  8791 | D:9      | Killed an orange demon
  8869 | D:9      | Reached XP level 11. HP: 77/85 MP: 0/0
  8869 | D:9      | Learned a level 5 spell: Lee's Rapid Deconstruction
  8945 | D:9      | Reached skill level 10 in Fighting
  9235 | D:9      | Found Vifotohi's Antique Armour Emporium.
  9245 | D:9      | Bought a runed cloak for 187 gold pieces
  9408 | D:9      | Noticed Erica
  9426 | D:9      | Killed Erica
  9730 | D:9      | Reached ** piety under Ashenzari
  9897 | D:10     | Entered Level 10 of the Dungeon
  9897 | D:10     | Noticed a two-headed ogre
  9904 | D:10     | Killed a two-headed ogre
  9926 | D:10     | Reached skill level 11 in Fighting
 10300 | D:10     | Noticed a cyclops
 10311 | D:10     | Killed a cyclops
 10536 | D:10     | Reached *** piety under Ashenzari
 10669 | D:11     | Noticed a boulder beetle
 10712 | D:11     | Identified the +11 short sword of Jaeplot {drain, Dex+5}
 10716 | D:11     | Noticed a cyclops
 11171 | D:11     | Noticed a two-headed ogre
 11180 | D:11     | Killed a two-headed ogre
 11579 | D:11     | Killed a cyclops
 11858 | D:11     | Noticed Josephine
 11876 | D:11     | Killed Josephine
 11877 | D:11     | Reached skill level 10 in Spellcasting
 11877 | D:11     | Reached XP level 12. HP: 13/98 MP: 0/0
 12333 | D:11     | Noticed a two-headed ogre
 12341 | D:11     | Killed a two-headed ogre
 12342 | D:11     | Reached skill level 12 in Fighting
 12668 | D:11     | Killed a boulder beetle
 13133 | D:12     | Noticed an ettin
 13147 | D:12     | Killed an ettin
 14465 | D:12     | Noticed a catoblepas
 15036 | D:12     | Reached skill level 13 in Fighting
 16509 | D:12     | Reached XP level 13. HP: 81/107 MP: 0/0
 16509 | D:12     | Learned a level 5 spell: Yara's Violent Unravelling
 16572 | D:12     | Slain by a catoblepas

Illustrated notes

Levels and vault maps discovered:
D:1:      denvon_arrival_waterhouse, layout_rooms, shapermc_ecumenical_altar_gd
D:2:      layout_basic, serial_corexii_hall, chequers_hall_statues_y,
          chequers_hall_statues_corner_a, basic_altar,
          dreamdust_princess_corridor, minmay_tromino_v4_c
D:3:      layout_basic, kennysheep_cluttered_room, minmay_tree_intersection,
          guppyfry_early_lair_pool, uniq_crazy_yiuf_cottage, uniq_jessica,
          uniq_ijyb
D:4:      layout_cave_pods
D:5:      layout_basic, chequers_temple_overflow_statue_of_worship,
          minmay_temple_entry_waves, kennysheep_generic_room_10, uniq_pikel,
          uniq_menkaure
D:6:      layout_basic, gammafunk_ghost_necromancy, serial_glass,
          glass_columns_a, glass_columns_a, minmay_ruined_shrine
D:7:      layout_loops_cross, gammafunk_temple_overflow_elements,
          grunt_decor_junction, the_hattery
D:8:      layout_basic, lair_entry_dummy, sigmund_army, uniq_joseph
D:9:      layout_irregular_city, serial_shops, nicolae_shop_statue_plus, shop,
          palyth_stone_intersect, chequers_mini_garden, uniq_amaemon, uniq_erica
D:10:     layout_cave_pools
D:11:     layout_loops_ring, uniq_josephine
D:12:     kennysheep_funnel, layout_loops_ring, david_orc_4,
          nicolae_trove_entry_free_sample, drop_trap, kennysheep_generic_room_6
Temple:   regret_index_temple_sphere_string

Skill      XL: |  1  2  3  4  5  6  7  8  9 10 11 12 |
---------------+-------------------------------------+-----
Stealth        | 2 |  2.5
Dodging        | 3 |  3.3
Spellcasting   | 3 4 5 6 8 10 11 | 11.2
Fighting       | 1 2 3 5 7 9 11 13 | 13.6
Shields        | 1 2 3 5 |  5.0

Action                     |  1- 3 |  4- 6 |  7- 9 | 10-12 | 13-15 || total
---------------------------+-------+-------+-------+-------+-------++-------
  Melee: Unarmed           |     7 |       |       |       |       ||     7
         Dagger            |     5 |     6 |     1 |       |       ||    12
         Demon whip        |       |       |       |     7 |       ||     7
   Cast: Foxfire           |    47 |    56 |   112 |   314 |     5 ||   534
         Scorch            |       |     4 |    63 |   241 |     1 ||   309
         Volatile Blastmot |       |       |     1 |    16 |       ||    17
         Call Canine Famil |       |       |     8 |     4 |       ||    12
         Inner Flame       |       |       |     1 |     8 |       ||     9
         Ensorcelled Hiber |       |       |       |       |     1 ||     1
 Invoke: Curse Item        |       |       |       |     5 |       ||     5
    Use: Scroll            |       |    11 |    10 |    12 |     1 ||    34
         Potion            |       |       |     2 |     7 |     1 ||    10
 Armour: Robe              |     5 |     1 |    11 |    55 |     3 ||    75
  Dodge: Dodged            |    27 |     3 |    54 |   213 |     4 ||   301
  Block: Buckler           |       |       |    35 |    98 |     1 ||   134

Table legend: (Time is in decaauts)
 A = Elapsed time spent in this place.
 B = Non-inter-level travel time spent in this place.
 C = Inter-level travel time spent in this place.
 D = Time resting spent in this place.
 E = Time spent auto-exploring this place.
 F = Levels seen in this place.
 G = Mean time per level.
                   A        B        C        D        E       F      G
               +--------+--------+--------+--------+--------+-----+--------+
         Total |  16550 |  15378 |   1172 |   2426 |  10572 |  13 | 1273.1 |
       Dungeon |  16383 |  15229 |   1154 |   2426 |  10438 |  12 | 1365.2 |
        Temple |    167 |    149 |     18 |      0 |    134 |   1 |  167.0 |
               +--------+--------+--------+--------+--------+-----+--------+

Top non-repeatable levels by time:
    D:11: 3005 daAuts
    D:12: 1958 daAuts
    D:10: 1604 daAuts
     D:8: 1432 daAuts
     D:9: 1254 daAuts
     D:4: 1181 daAuts
     D:5: 1166 daAuts
     D:2: 1146 daAuts
     D:6: 1085 daAuts
     D:3: 1051 daAuts
     D:7: 913 daAuts
     D:1: 583 daAuts
  Temple: 167 daAuts
